 Dungeon Crawl Stone Soup version 0.29.0-15-g675c0067aa (webtiles) character file.

Game seed: 13375516668920446488

32 writerjack the Chopper (level 3, -4/33 HPs)
             Began as a Minotaur Berserker on Sept 11, 2022.
             Was a Believer of Trog.
             Slain by a gnoll
             ... wielding a +2 vorpal spear
              (11 damage)
             ... on level 2 of the Dungeon.
             The game lasted 00:03:01 (1103 turns).

writerjack the Chopper (Minotaur Berserker)         Turns: 1103, Time: 00:03:01

Health: -4/33      AC:  3    Str: 23    XL:     3   Next: 10%
Magic:  2/2        EV: 12    Int:  4    God:    Trog [**....]
Gold:   51         SH:  0    Dex:  9    Spells: 2/2 levels left

rFire   . . .      SeeInvis .   a - +0 hand axe
rCold   . . .      Faith    .   (no shield)
rNeg    . . .      Spirit   .   b - +0 animal skin
rPois   .          Reflect  .   (helmet restricted)
rElec   .          Harm     .   (no cloak)
rCorr   .          Rampage  .   e - +0 pair of gloves
Will    .....                   (no boots)
Stlth   +.........              (no amulet)
HPRegen 0.11/turn               (no ring)
MPRegen 0.08/turn               (no ring)

@: no status effects
A: horns 2, retaliatory headbutt
a: Renounce Religion, Berserk, Trog's Hand


You were on level 2 of the Dungeon.
You worshipped Trog.
Trog was pleased with you.
You visited 1 branch of the dungeon, and saw 3 of its levels.

You collected 51 gold pieces.

Inventory:

Hand Weapons
 a - a +0 hand axe (weapon)
Missiles
 f - 5 poisoned darts (quivered)
Armour
 b - a +0 animal skin (worn)
 e - a +0 pair of gloves (worn)
Scrolls
 c - a scroll of torment {unknown}
 d - a scroll of amnesia {unknown}
 g - a scroll of identify {unknown}
 h - a scroll of immolation {unknown}
 i - a scroll of summoning {unknown}
 j - 3 scrolls of fog {unknown}
Potions
 k - a potion of resistance {unknown}


   Skills:
 - Level 3.8 Fighting
 * Level 4.7 Axes
 - Level 2.7 Armour
 - Level 2.4 Dodging


You had 2 spell levels left.
You didn't know any spells.
Your spell library was empty.

Dungeon Overview and Level Annotations

Branches:
Dungeon (3/15)

Altars:


Innate Abilities, Weirdness & Mutations

You have a pair of horns on your head.
You reflexively headbutt those who attack you in melee.


Message History

You see here a frilled lizard corpse.
Things that are here:
a +0 dagger; a +0 sling
Things that are here:
a +0 dagger; a +0 sling An endoplasm comes into view.
The endoplasm quivers.
The endoplasm closely misses you.
You hit the endoplasm. You headbutt the endoplasm.
You kill the endoplasm!
Trog accepts your kill.
Found a falchion.
You see here a +0 falchion.
Found a spear.
You see here a +0 spear.
A gnoll and an endoplasm come into view.
The gnoll is wielding a +2 vorpal spear.
The gnoll shouts!
The endoplasm quivers.
The endoplasm attacks as you move away! The endoplasm misses you.
You hit the endoplasm. You headbutt the endoplasm.
You kill the endoplasm!
Trog accepts your kill.
A gnoll comes into view. It is wielding a +0 whip.
The gnoll shouts!
The gnoll barely misses you.
A gnoll comes into view. It is wielding a +0 spear.
The gnoll hits you from afar with a +2 vorpal spear.
You closely miss the gnoll. Your headbutt misses the gnoll.
The gnoll hits you from afar with a +2 vorpal spear!
The gnoll hits you from afar with a +2 vorpal spear.
You slash the gnoll!
The gnoll is severely wounded.
The gnoll misses you.
The gnoll hits you from afar with a +2 vorpal spear.
* * * LOW HITPOINT WARNING * * *
x2 The gnoll closely misses you.
The gnoll attacks as you move away! The gnoll barely misses you.
The gnoll hits you from afar with a +2 vorpal spear!
You die...

.#########.#
###.....## #.#
#.........
#####>####.#..#....
#............###.##
#..........#..#..#
#..##.####.###.#.#
#..##.# #.# ###.#
#..##.# #.# #.#
#.@##.# #.# #.#
.#####.g##.# #..
....gg.....# ##.
######...### ###.#
#.# .# #.# ####.#
.##.# ##.## #.....
..... ##...###.#..#
##.#
######...........#
.##.#


You could see 3 gnolls.

Vanquished Creatures
  A dart slug (D:2)
  3 endoplasms (D:2)
  4 goblins
  4 hobgoblins (D:2)
  2 kobolds (D:1)
  7 ball pythons
  3 bats
  2 frilled lizards (D:2)
  4 rats (D:2)
30 creatures vanquished.

Notes
Turn   | Place    | Note
-------+----------+-------------------------------------------
     0 | D:1      | writerjack the Minotaur Berserker began the quest for the
                  | Orb.
     0 | D:1      | Reached XP level 1. HP: 19/19 MP: 0/0
   388 | D:1      | You fall into a shaft and drop 1 floor!
   471 | D:2      | Reached XP level 2. HP: 20/27 MP: 1/1
   604 | D:2      | Reached skill level 4 in Axes
   709 | D:2      | Reached ** piety under Trog
  1027 | D:2      | Reached XP level 3. HP: 33/33 MP: 2/2
  1103 | D:2      | Slain by a gnoll

Illustrated notes

Levels and vault maps discovered:
D:1:      lemuel_arrival_cross, layout_basic, hellmonk_ecumenical_altar_zigzags
D:2:      layout_loops_ring
D:3:      layout_basic

Skill      XL: |  1  2 |
---------------+-------+-----
Axes           | 4 |  4.7
Fighting       | |  3.8
Armour         | |  2.7
Dodging        | |  2.4

Action                   || total
-------------------------++-------
Melee: Hand axe          ||    56
       Headbutt          ||     5
       Punch             ||     2
Armor: Animal skin       ||    21
Dodge: Dodged            ||    55
